 Dungeon Crawl Stone Soup version 0.25-b1-23-ge2ad7d536c (webtiles) character file.

Game seed: 5315204908330956057, levelgen mode: deterministic

41 Masnef the Sneak (level 3, -1/16 HPs)
             Began as a Spriggan Enchanter on May 31, 2020.
             Was an Initiate of Ashenzari.
             Slain by a soldier ant (8 damage)
             ... on level 6 of the Dungeon.
             The game lasted 00:34:31 (6180 turns).

Masnef the Sneak (Spriggan Enchanter)               Turns: 6180, Time: 00:34:31

Health: -1/16      AC:  4    Str: 10    XL:     3   Next: 32%
Magic:  8/8        EV: 18    Int: 17    God:    Ashenzari [......]
Gold:   271        SH:  0    Dex: 16    Spells: 1/7 levels left

rFire    . . .     SeeInvis +   l - +0 dagger (venom) (curse)
rCold    . . .     Gourm    .   (shield restricted)
rNeg     . . .     Faith    .   b - +0 robe (curse)
rPois    .         Spirit   .   (helmet restricted)
rElec    .         Reflect  .   q - +1 cloak (curse)
rCorr    .         Harm     .   (gloves unavailable)
MR       .....                  (boots unavailable)
Stlth    +++.......             (no amulet)
HPRegen  0.05/turn              v - +6 ring of strength
MPRegen  0.11/turn              (no ring)

@: very quick
A: very small, unfitting armour, see invisible, herbivore, speed 3, slow
metabolism 2
a: Curse Item, Renounce Religion


You were on level 6 of the Dungeon.
You worshipped Ashenzari.
Ashenzari was noncommittal.
You were very hungry.

You visited 2 branches of the dungeon, and saw 8 of its levels.

You collected 271 gold pieces.

Inventory:

Hand Weapons
 a - a +1 dagger
 i - a +0 short sword
 l - a cursed +0 dagger of venom (weapon)
 u - the +6 flail "Xyili" {vorpal, Dex+4}
   (You found it on level 4 of the Dungeon)

   It inflicts extra damage upon your enemies.
   It affects your dexterity (+4).
Missiles
 h - 87 arrows
 p - 4 atropa-tipped darts (quivered)
 x - 7 poisoned darts
Armour
 b - a cursed +0 robe (worn)
 q - a cursed +1 cloak (worn)
Jewellery
 v - a +6 ring of strength (left hand)
Scrolls
 e - 2 scrolls of fear
 f - 2 scrolls of fog
 g - 2 scrolls of identify
 j - a scroll of enchant armour {unknown}
 k - 2 scrolls of remove curse
 n - a scroll of magic mapping {unknown}
 o - a scroll of blinking {unknown}
 r - a scroll of immolation {unknown}
 s - a scroll of random uselessness {unknown}
Potions
 c - 5 potions of curing
 t - a potion of might
 w - a potion of degeneration {unknown}
Comestibles
 d - 8 rations


   Skills:
 - Level 1.1 Short Blades
 - Level 3.0 Dodging
 + Level 6.7 Stealth
 - Level 2.6 Spellcasting
 * Level 3.8 Hexes


You had one spell level left.
You knew the following spells:

 Your Spells              Type           Power        Failure   Level  Hunger
a - Corona                Hex            ###....      3%          1    #......
b - Ensorcelled Hibernat  Hex/Ice        #.....       13%         2    ##.....
c - Confusing Touch       Hex            ###.....     12%         3    ###....

Your spell library contained the following spells:

 Spells                   Type           Power        Failure   Level  Hunger
 Tukima's Dance           Hex            ###.....     12%         3    ###....
 Dazzling Flash           Conj/Hex       #.....       26%         3    ###....


Dungeon Overview and Level Annotations

Branches:
Dungeon (7/15)             Temple (1/1) D:4

Altars:
Ashenzari
Cheibriados
Dithmenos
Elyvilon
Fedhas
Gozag
Hepliaklqana
Kikubaaqudgha
Makhleb
Nemelex Xobeh
Okawaru
Qazlal
Ru
Sif Muna
Trog
Uskayaw
Vehumet
Wu Jian
Yredelemnul

Shops:
D:5 }

Annotations:
D:3 exclusion: orc priest
D:5 exclusion: centaur
D:6 1 exclusion


Innate Abilities, Weirdness & Mutations

You are very small and have problems with some larger weapons.
You are too small for most types of armour.
You have supernaturally acute eyesight. (SInv)
You are a herbivore.
You cover ground extremely quickly.
You need to consume almost no food.


Message History

You feel strangely unstable.
There is a burning altar of Makhleb here.
Your surroundings suddenly seem different.
The jelly quivers.
The orc wizard hits you but does no damage.
The crimson imp shouts!
An orc and an orc warrior come into view.
The orc shouts!
The orc warrior shouts!
An orc priest comes into view. It is wielding a +0 short sword.
You hear a bark!
An orc comes into view.
You hear a bark!
The orc shouts!
A giant cockroach comes into view.
The jackal barks!
Okay, then.
The jackal misses you. The jackal barely misses you.
The soldier ant stings you!
Ouch! That really hurt!
You die...

##.##..###..##.#
#.# ...(..#.##
#o#.#..#..#.###
#.......#.....
#..#..#..#.._#
#...........##
#.#.J#..#..###
#.##.##.######
#.##...#...#
#.##. #.# #
#..######### #
#. # ##.......#
####### #
#######.#
###..!..### #
#.###..@......#
.
#.##...as......
#.##..hh.......
#.#...#.....≈..
#.#..$#.?...≈..
#...o.#..!≈≈≈≈≈
###o.o#.!...≈..
#..h#.o...≈..
##..........


You could see a soldier ant, an orc warrior, 3 orcs, 3 jackals and a giant
cockroach.

Vanquished Creatures
  A hound zombie (D:4)
  An adder (D:3)
  A leopard gecko (D:6)
  4 goblins
  A hobgoblin (D:3)
  A jackal (D:4)
  2 quokkas
  A ball python (D:2)
  3 bats
  A quokka skeleton (D:7)
16 creatures vanquished.

Notes
Turn   | Place    | Note
-------+----------+-------------------------------------------
     0 | D:1      | Masnef the Spriggan Enchanter began the quest for the Orb.
     0 | D:1      | Reached XP level 1. HP: 9/9 MP: 5/5
   252 | D:2      | Found a sparkling altar of Nemelex Xobeh.
  1378 | D:1      | Reached skill level 5 in Stealth
  2244 | D:3      | Noticed an orc priest
  2323 | D:3      | Reached XP level 2. HP: 13/13 MP: 6/6
  2507 | D:5      | Entered Level 5 of the Dungeon
  2512 | D:5      | Learned a level 2 spell: Ensorcelled Hibernation
  2594 | D:6      | Found a sacrificial altar of Ru.
  2618 | D:6      | Noticed a crimson imp
  2618 | D:6      | Noticed a soldier ant
  2734 | D:6      | Noticed an ice beast
  2822 | D:5      | Found Ekoskabb's Gadget Emporium.
  3157 | D:4      | Reached skill level 6 in Stealth
  3157 | D:4      | Reached XP level 3. HP: 16/16 MP: 8/8
  3162 | D:4      | Learned a level 3 spell: Confusing Touch
  3239 | D:4      | Noticed an ogre
  3396 | D:4      | Found a basalt altar of Yredelemnul.
  3396 | D:4      | Found an ornate altar of the Wu Jian Council.
  3493 | D:4      | Got an ichor-stained flail
  3580 | D:4      | Noticed a scorpion
  4548 | D:3      | Found an opulent altar of Gozag.
  4666 | D:4      | Found a staircase to the Ecumenical Temple.
  4673 | Temple   | Entered the Ecumenical Temple
  4872 | D:4      | Found a shattered altar of Ashenzari.
  4882 | D:4      | Found a radiant altar of Vehumet.
  4886 | D:4      | Became a worshipper of Ashenzari the Shackled
  4931 | D:5      | Identified the +6 flail "Xyili" {vorpal, Dex+4} (You found
                  | it on level 4 of the Dungeon)
  4965 | D:5      | Identified the +4 ring mail of the Armoured One {MP+9
                  | Str+2}
  4993 | D:5      | Noticed a centaur
  5130 | D:5      | Found a blossoming altar of Fedhas.
  5152 | D:5      | Noticed an ogre
  5483 | D:6      | Noticed a centaur
  5711 | D:6      | Noticed a bullfrog
  5849 | D:7      | Noticed an ice beast
  5878 | D:7      | Noticed an ogre
  6130 | D:6      | Noticed a phantom
  6145 | D:6      | Found a burning altar of Makhleb.
  6173 | D:6      | Noticed an orc warrior
  6180 | D:6      | Slain by a soldier ant

Illustrated notes

Levels and vault maps discovered:
D:1:      minmay_arrival_stair_chambers, layout_basic, interstate_on_off
D:2:      layout_loops_ring, overflow_temple_1_default, first_ration,
          serial_bayou_crossing
D:3:      layout_loops_ring, grunt_gozag_breadcrumbs
D:4:      layout_basic, grunt_temple_overflow_open, zin_statuary,
          gammafunk_temple_overflow_elements, minmay_temple_entry_slanted,
          kennysheep_generic_room_10
D:5:      layout_loops_cross, lemuel_doored_altar, serial_shops,
          nicolae_shop_crystal
D:6:      layout_loops_cross, kennysheep_little_box, marbit_many_paths, tgw_xom,
          grunt_potential
D:7:      layout_basic
Temple:   compressed_dpeg_circular_temple

Skill      XL: |  1  2 |
---------------+-------+-----
Stealth        | 5 6 |  6.7
Short Blades   | |  1.1
Dodging        | |  3.0
Spellcasting   | |  2.6
Hexes          | |  3.8

Action                   || total
-------------------------++-------
Melee: Dagger            ||    42
 Cast: Corona            ||     1
       Ensorcelled Hiber ||    19
       Confusing Touch   ||     2
Invok: Curse Item        ||     3
  Use: Scroll            ||     8
 Stab: Sleeping          ||     7
  Eat: Ration            ||     1
Armor: Robe              ||    32
Dodge: Dodged            ||   174
